[Event "Early-Titled-Tuesday-Blitz-October-10-2023"]
[Site "Chess.com"]
[Date "2023.10.10"]
[Round "6"]
[White "sokidze"]
[Black "Flaccidmoves"]
[Result "1-0"]
[WhiteElo "2787"]
[BlackElo "2434"]
[TimeControl "180+1"]
[EndTime "9:05:02 PDT"]
[Termination "sokidze won by resignation"]

1. d4 Nf6 2. c4 g6 3. Nf3 Bg7 4. g3 O-O 5. Bg2 d6 6. Nc3 Nc6 7. O-O a6 8. b3 Rb8 9. Bb2 b5 10. cxb5 axb5 11. Rc1 b4 12. Na4 Na7 13. Nd2 Nb5 14. Nc4 Bf5 15. Na5 Qd7 16. Nc6 Ra8 17. Nxb4 Be4 18. Bxe4 Nxe4 19. Qd3 f5 20. f3 Nf6 21. Nc6 Na7 22. Nxa7 Rxa7 23. e4 fxe4 24. fxe4 Bh6 25. Rce1 Raa8 26. Nc3 c6 27. Bc1 Bg7 28. Kh1 Qh3 29. Be3 Ng4 30. Bg1 Bh6 31. Rf3 Rxf3 32. Qxf3 Rf8 33. Qg2 Qh5 34. Rf1 Rxf1 35. Qxf1 Be3 36. h3 Bxg1 37. Kxg1 Ne3 38. Qe2 Qxe2 39.
Nxe2 e5 40. dxe5 dxe5 41. Kf2 Nd1+ 42. Ke1 Nb2 43. Kd2 1-0

[Event "Early-Titled-Tuesday-Blitz-October-10-2023"]
[Site "Chess.com"]
[Date "2023.10.10"]
[Round "6"]
[White "zozik"]
[Black "Politov_Pavel"]
[Result "0-1"]
[WhiteElo "2326"]
[BlackElo "2087"]
[TimeControl "180+1"]
[EndTime "9:05:02 PDT"]
[Termination "Politov_Pavel won on time"]

1. d4 d5 2. Nf3 Nf6 3. g3 Bg4 4.
Bg2 Nbd7 5. O-O c6 6. Ne5 Nxe5 7.
dxe5 Nd7 8. h3 Bh5 9. f4 e6 10. c4 Bg6 11. Nc3 dxc4 12. Qa4 Nb6 13. Qd1 Qxd1 14. Rxd1 h5 15. e4 Bc5+ 16. Kh2 Rd8 17. Rxd8+ Kxd8 18. a4 a5 19. Bd2 Kc7 20. Na2 Nxa4 21.
Bxa5+ b6 22. Bc3 Nxc3 23. Nxc3 Kb7 24. Ra4 b5 25. Ra1 Rd8 26. g4 hxg4 27. hxg4 Rd2 28. f5 exf5 29. exf5 Bh7 30. Nxb5 Rxg2+ 31. Kxg2 cxb5 32.
Rh1 Bd4 33. Rxh7 Bxe5 34. Kf3 Bxb2 35. Ke2 Kc6 0-1

[Event "Early-Titled-Tuesday-Blitz-October-10-2023"]
[Site "Chess.com"]
[Date "2023.10.10"]
[Round "6"]
[White "Kielinkei"]
[Black "lluiss"]
[Result "0-1"]
[WhiteElo "2446"]
[BlackElo "2201"]
[TimeControl "180+1"]
[EndTime "9:05:03 PDT"]
[Termination "lluiss won on time"]

1. Nf3 Nf6 2. g3 g6 3. Bg2 Bg7 4. b3 Ne4 5. d4 O-O 6. Bb2 d5 7.
O-O c5 8. Nbd2 Nc6 9. e3 Bg4 10. h3 Nxd2 11. Qxd2 Bxf3 12. Bxf3 cxd4 13. e4 dxe4 14.
Bxe4 Qd7 15. h4 Rfd8 16. Rfe1 Rac8 17. Rad1 e5 18. h5 f5 19. Bg2 e4 20. h6 Bf6 21. g4 Qe6 22. g5 Be5 23. Bxe4 fxe4 24. Rxe4 Qh3 25. f4 Qg4+ 26. Kf2 d3 27. Bxe5 dxc2 28.
Qxc2 Qxd1 29. Qc4+ Qd5 30. Qe2 Rf8 31. Bg7 Rfd8 32.
Qf3 Qf5 33. Kg3 Rd2 34. Qe3 Rdd8 35. Qf3 Re8 36. Rc4 Qe6 37. Qf2 Qe3+ 38. Qf3 Qxf3+ 39. Kxf3 Re7 40. b4 a6 0-1

[Event "Early-Titled-Tuesday-Blitz-October-10-2023"]
[Site "Chess.com"]
[Date "2023.10.10"]
[Round "6"]
[White "emeli_chess"]
[Black "mortngabriel"]
[Result "1-0"]
[WhiteElo "2395"]
[BlackElo "2521"]
[TimeControl "180+1"]
[EndTime "9:05:04 PDT"]
[Termination "emeli_chess won on time"]

1. d4 Nf6 2. c4 e6 3. Nc3 Bb4 4. Qc2 O-O 5. e4 d5 6. e5 Ne4 7.
Bd3 c5 8. Nf3 cxd4 9. Nxd4 Nd7 10.
Bf4 Qh4 11. g3 Qh5 12. O-O Bxc3 13. bxc3 g5 14. cxd5 gxf4 15. Bxe4 exd5 16. e6 dxe4 17. exd7 Bxd7 18. Qxe4 Bh3 19. Rfe1 fxg3 20. hxg3 b6 21. Qe5 Qxe5 22. Rxe5 Rfe8 23. Rae1 Rxe5 24. Rxe5 Rc8 25.
Re3 Kf8 26. f3 Bd7 27. g4 Rc4 28. Kf2 Ra4 29. Re2 Ra3 30. Rc2 Ba4 31. Rb2 Rxc3 32. Kg3 Bd7 33. Rd2 Rc4 34. Kh4 Kg7 35. f4 b5 36. f5 h6 37. Kh5 Rc1 38. Kh4 Rh1+ 39.
Kg3 Rg1+ 40. Kf4 Kf6 41. Nf3 Ra1 42. Rxd7 Rxa2 43. Rd6+ Kg7 44. Ne5 Ra4+ 45. Kf3 Ra3+ 46. Ke4 Ra4+ 47. Kd5 Ra1 48. Kc5 Re1 49. Nd3 Re4 50.
Rd7 Rxg4 51. Ne5 Rf4 52. Rxf7+ Kg8 53. Kd6 1-0

[Event "Early-Titled-Tuesday-Blitz-October-10-2023"]
[Site "Chess.com"]
[Date "2023.10.10"]
[Round "6"]
[White "ZeGood_ZeBad_ZeUgly"]
[Black "MaxLeto"]
[Result "0-1"]
[WhiteElo "2330"]
[BlackElo "2495"]
[TimeControl "180+1"]
[EndTime "9:05:04 PDT"]
[Termination "MaxLeto won by resignation"]

1. c4 e5 2. Nc3 Nc6 3. Nf3 Nf6 4. d3 Bb4 5. Bd2 O-O 6. a3 Bxc3 7. Bxc3 Re8 8. e4 d6 9. Be2 Bg4 10. Nd2 Be6 11. Nf1 a5 12. Ne3 Nd7 13. Bg4 Nc5 14. h3 a4 15. Nd5 Na5 16. Rc1 Nab3 17. Rc2 c6 18. Ne3 Qg5 19. O-O h5 20. Bxe6 Nxe6 21.
g3 Nbd4 22. Rc1 h4 23. Qg4 hxg3 24. Qxg5 gxf2+ 25. Rxf2 Nxg5 26. Kg2 Re6 27. Bxd4 exd4 28. Nf5 c5 29. h4 Nh7 30. Rcf1 Nf6 31. Nh6+ Kf8 32. Rxf6 Rxf6 33. Rxf6 gxf6 34. Nf5 Ra6 35. h5 Rb6 36. Kf3 Rxb2 37. Nxd6 Rb3 38. Ke2 Rxa3 39. Nxb7 Ra2+ 40. Kf3 a3 41. Nxc5 Rb2 42. Na4 Rb4 43.
Nc5 a2 44. h6 a1=Q 45. Nd7+ Ke7 46. h7 Qh1+ 47. Kf4 Kxd7 48. h8=Q Qxh8 0-1

[Event "Early-Titled-Tuesday-Blitz-October-10-2023"]
[Site "Chess.com"]
[Date "2023.10.10"]
[Round "6"]
[White "BeanScreen"]
[Black "Rsnr"]
[Result "0-1"]
[WhiteElo "2726"]
[BlackElo "2853"]
[TimeControl "180+1"]
[EndTime "9:05:05 PDT"]
[Termination "Rsnr won by resignation"]

1. e4 c6 2. d4 d5 3. exd5 cxd5 4. Bd3 Nc6 5. c3 Qc7 6. h3 Nf6 7. Nf3 g6 8. O-O Bf5 9. Bxf5 gxf5 10. Re1 e6 11. Bg5 Ne4 12. c4 dxc4 13. Nc3 Nxg5 14. Nxg5 O-O-O 15. Qh5 Rd7 16. d5 exd5 17. Re8+ Nd8 18.
Rd1 Bg7 19. Rxh8 Bxh8 20. Nxd5 Qc5 21. Qxh7 Bxb2 22. Qxf5 Bd4 23. Ne7+ Kc7 24. Qf4+ Be5 25. Rxd7+ Kxd7 26. Qe4 Kxe7 27. Nf3 f6 28. Qh7+ Nf7 29. Nh4 Qd5 30. Nf5+ Kd7 31. g3 c3 32. Ne3 Qe6 33.
Qe4 Nd6 34. Qa4+ Ke7 35. Qxa7 Qc8 36. Nd5+ Kf7 37. Nb6 Qc5 38. Qb8 Qxb6 39. Qh8 Qc5 40. Qh7+ Ke6 41. Qg8+ Kd7 42. Qh7+ Kc6 43. Qc2 b5 44. h4 Qd4 45. h5 Qd2 46. Qh7 c2 47.
Kg2 c1=Q 0-1

[Event "Early-Titled-Tuesday-Blitz-October-10-2023"]
[Site "Chess.com"]
[Date "2023.10.10"]
[Round "6"]
[White "queen_iryna"]
[Black "aqibjbutt"]
[Result "1/2-1/2"]
[WhiteElo "2332"]
[BlackElo "1978"]
[TimeControl "180+1"]
[EndTime "9:05:05 PDT"]
[Termination "Game drawn - insufficient material"]

1. e4 c6 2. d4 d5 3. Nc3 dxe4 4. Nxe4 Bf5 5. Ng3 Bg6 6. h4 h6 7. Nf3 Nd7 8. h5 Bh7 9. Bd3 Bxd3 10. Qxd3 e6 11. Bd2 Ngf6 12. O-O-O Be7 13. Kb1 O-O 14.
Rhe1 c5 15. Bc3 Nd5 16. dxc5 Nxc5 17. Qc4 Nxc3+ 18. Qxc3 Qc7 19. Ne4 Rac8 20. Nxc5 Qxc5 21. Qxc5 Bxc5 22. Re2 Rfd8 23. Red2 Be7 24. c3 Rxd2 25.
Rxd2 Rd8 26. Kc2 Kf8 27. Rxd8+ Bxd8 28. Kd3 Ke7 29. c4 Bb6 30. Ke2 a5 31. Nd2 Bc5 32. a3 g6 33. hxg6 fxg6 34. Ne4 b6 35. f3 e5 36. Kd3 Ke6 37. Nc3 Kf5 38. Nd5 g5 39.
b4 axb4 40. axb4 Bg1 41. Ne3+ Kf4 42. Nf1 h5 43. Nd2 Kg3 44. Ne4+ Kxg2 45. Nxg5 h4 46. Ke4 Bd4 47. f4 exf4 48. Kxf4 h3 49. Nxh3 Kxh3 50. Ke4 Bc3 51. c5 bxc5 52. bxc5 Bb4 53. c6 Bd6 54. Kd5 Bc7 55. Ke6 Bg3 56. Kd7 Bf4 57. c7 Bxc7 1/2-1/2

[Event "Early-Titled-Tuesday-Blitz-October-10-2023"]
[Site "Chess.com"]
[Date "2023.10.10"]
[Round "6"]
[White "GradualismUnleashed"]
[Black "ozates"]
[Result "0-1"]
[WhiteElo "2582"]
[BlackElo "2767"]
[TimeControl "180+1"]
[EndTime "9:05:06 PDT"]
[Termination "ozates won by checkmate"]

1. e4 e5 2. Nf3 Nc6 3. Bb5 a6 4. Ba4 d6 5. d4 exd4 6. Nxd4 Bd7 7. Nxc6 Bxc6 8. Bxc6+ bxc6 9. Nc3 Nf6 10. Bf4 Be7 11. O-O Rb8 12. b3 O-O 13. e5 dxe5 14. Bxe5 Bd6 15. Re1 Re8 16. Bg3 Rxe1+ 17. Qxe1 Bb4 18. Rd1 Nd5 19. Be5 Qg5 20. f4 Nxf4 21.
Bxf4 Qxf4 22. Qe4 Qf6 23. Ne2 g6 24. Nf4 Bd6 25. Nd3 Kf8 26. Rf1 Bxh2+ 27. Kxh2 Qxf1 28.
Qxc6 Qf5 29. Qxc7 Rc8 30. Qd6+ Kg8 31. c4 Re8 32. c5 Qh5+ 33. Kg1 Qd1+ 34. Kh2 Qh5+ 35.
Kg1 Qf5 36. c6 h5 37. c7 h4 38. Qd8 Qe6 39. Nc5 Qe3+ 40. Kh2 Qe5+ 41. Kg1 Qxc5+ 42. Kf1 Qc1+ 43. Kf2 Qe3+ 44. Kf1 Qe1# 0-1

[Event "Early-Titled-Tuesday-Blitz-October-10-2023"]
[Site "Chess.com"]
[Date "2023.10.10"]
[Round "6"]
[White "Happy1712Drummer"]
[Black "JiiHart"]
[Result "1-0"]
[WhiteElo "2379"]
[BlackElo "2176"]
[TimeControl "180+1"]
[EndTime "9:05:06 PDT"]
[Termination "Happy1712Drummer won on time"]

1. e4 e5 2. Nf3 Nf6 3. Nc3 Nc6 4. d4 exd4 5. Nd5 Be7 6. Bd3 d6 7. h3 Nxd5 8. exd5 Ne5 9. Nxd4 Nxd3+ 10. Qxd3 O-O 11. O-O Bf6 12. c3 Bd7 13. a4 c5 14.
dxc6 bxc6 15. Bf4 d5 16. b4 Re8 17. Rfe1 a5 18. Rxe8+ Qxe8 19. Bd6 Qe4 20. Qxe4 dxe4 21. Bc5 Be5 22. Kf1 f5 23. h4 Kf7 24. g3 g6 25. Bb6 axb4 26. cxb4 Be6 27. a5 Bc4+ 28. Ke1 Bxd4 29. Bxd4 Ke6 30. Kd2 Kd5 31. Ke3 h6 32. Rd1 Bd3 33. Rc1 Rb8 34. Bb6 g5 35. Rc5+ Kd6 36.
hxg5 hxg5 37. Rxf5 Rg8 38. g4 Rg7 39. Bd8 Rg6 40. Rxg5 Rxg5 41. Bxg5 c5 42. bxc5+ Kxc5 43. f4 Kd5 44. Bd8 Ke6 45. f5+ Ke5 46. Bc7+ Kf6 47.
Kf4 e3 48. Kxe3 Bc2 49. Kf4 Bd3 50. g5+ Kf7 51. g6+ 1-0

[Event "Early-Titled-Tuesday-Blitz-October-10-2023"]
[Site "Chess.com"]
[Date "2023.10.10"]
[Round "6"]
[White "nihalsarin"]
[Black "Dedic8"]
[Result "0-1"]
[WhiteElo "3117"]
[BlackElo "2861"]
[TimeControl "180+1"]
[EndTime "9:05:07 PDT"]
[Termination "Dedic8 won by resignation"]

1. b3 d5 2. e3 Nf6 3. g3 Bf5 4. Bb2 h6 5. Bg2 c6 6. d3 Nbd7 7. Nd2 a5 8. a3 e6 9. Ne2 Be7 10. h3 O-O 11. g4 Bh7 12. Ng3 a4 13. b4 c5 14. bxc5 Nxc5 15. h4 Nfd7 16. g5 f6 17. gxh6 gxh6 18. d4 Na6 19. Qg4+ Kf7 20. c4 dxc4 21.
d5 Nac5 22. dxe6+ Nxe6 23. Nxc4 Rg8 24. Qh5+ Bg6 25. Qd5 Nc5 26. O-O Qxd5 27. Bxd5 Rad8 28. Rfd1 Bd3 29. Nb6 Rd6 30. Bd4 Nb3 31. Bxb3 axb3 32. Rxd3 Nxd4 33. exd4 Rxb6 34. Rb1 b2 35. Kf1 Ra8 36.
Rd2 Bxa3 37. Nf5 Rc8 38. Ne3 Rc1+ 39. Rd1 Rbc6 40. d5 Rxd1+ 41. Ke2 Rcc1 0-1

[Event "Early-Titled-Tuesday-Blitz-October-10-2023"]
[Site "Chess.com"]
[Date "2023.10.10"]
[Round "6"]
[White "ChessFighter_2011"]
[Black "GothamChess"]
[Result "0-1"]
[WhiteElo "2858"]
[BlackElo "2753"]
[TimeControl "180+1"]
[EndTime "9:05:07 PDT"]
[Termination "GothamChess won by resignation"]

1. e4 c6 2. d4 d5 3. Nc3 a6 4. Nf3 Bg4 5. Be2 e6 6. h3 Bxf3 7. Bxf3 Nf6 8. O-O Be7 9. Re1 O-O 10. g3 Qb6 11. Kg2 Nbd7 12. exd5 cxd5 13. Nxd5 Nxd5 14.
Bxd5 Bb4 15. c3 exd5 16. cxb4 Qxb4 17. a3 Qb6 18. Bd2 a5 19. Bc3 Nf6 20. Re5 Ne4 21.
Qf3 Qb3 22. Re1 Ra6 23. Re3 Rf6 24. Rf5 Rxf5 25. Qxf5 Nxc3 26. bxc3 b5 27. Qd7 g6 28. h4 h5 29. Qc6 Qc4 30. Qf6 Qc8 31. Qe5 Qc6 32. Qg5 a4 33. Qe7 Rc8 34. Rf3 Qe8 35.
Qd6 Qe4 36. Qd7 Re8 37. Qxf7+ Kh8 38. Qf6+ Kh7 39. Qf7+ Kh8 40. Qc7 Kg8 41. Qd6 Re6 42. Qd8+ Kh7 43. Qf8 Re7 44. Qf7+ Rxf7 0-1

[Event "Early-Titled-Tuesday-Blitz-October-10-2023"]
[Site "Chess.com"]
[Date "2023.10.10"]
[Round "6"]
[White "MatthewG-p4p"]
[Black "LeninGuerra"]
[Result "1/2-1/2"]
[WhiteElo "2822"]
[BlackElo "2593"]
[TimeControl "180+1"]
[EndTime "9:05:07 PDT"]
[Termination "Game drawn by repetition"]

1. e4 c5 2. c3 d5 3. exd5 Qxd5 4.
d4 cxd4 5. cxd4 Nc6 6. Nf3 e6 7. Nc3 Bb4 8. Bd3 Nf6 9. O-O Qd8 10. Bg5 h6 11. Bh4 O-O 12. Re1 Be7 13. Rc1 Nb4 14. Bb1 Nbd5 15. Ne5 Bd7 16. Qd3 Nb4 17. Qd2 Be8 18. a3 Nbd5 19. Qd3 Nf4 20.
Qf3 N6d5 21. Bg3 f6 22. Nxd5 Nxd5 23. Ng6 Bxg6 24. Bxg6 Rc8 25. Rxc8 Qxc8 26. Bb1 f5 27. h3 Rd8 28. Be5 Bf6 29. Ba2 Bxe5 30. Rxe5 Qc1+ 31.
Kh2 Qxb2 32. Bxd5 exd5 33. Qxf5 Qxd4 34. Qe6+ Kh7 35. Qf5+ Kg8 36. Qe6+ Kh7 37. Rf5 Qe4 38. Qxe4 dxe4 39. Re5 Rd4 40. Re7 Ra4 41. Rxb7 Rxa3 42. Re7 Ra4 43. Kg3 Kg6 44. Kf4 Ra2 45. Kg3 Kf5 46. Rf7+ Kg6 47. Re7 Ra4 48. Kf4 Ra2 49.
Kg3 1/2-1/2

[Event "Early-Titled-Tuesday-Blitz-October-10-2023"]
[Site "Chess.com"]
[Date "2023.10.10"]
[Round "6"]
[White "cande_francisco"]
[Black "abc_xyz4744"]
[Result "1-0"]
[WhiteElo "2532"]
[BlackElo "2388"]
[TimeControl "180+1"]
[EndTime "9:05:07 PDT"]
[Termination "cande_francisco won by checkmate"]

1. e4 c5 2. Nf3 g6 3. Bc4 Bg7 4. c3 e6 5. d4 cxd4 6. cxd4 d5 7. exd5 exd5 8. Bb5+ Bd7 9. Bxd7+ Qxd7 10. O-O Nc6 11. Nc3 Nge7 12. Re1 O-O 13. Ne5 Qc7 14. Bf4 Nxe5 15.
dxe5 Qc4 16. Bg5 Nc6 17. Bf6 d4 18. Ne4 Nxe5 19. Rc1 Qd3 20. Qa4 Rfe8 21. Bxg7 Kxg7 22.
Nc5 Qd2 23. Red1 Qg5 24. Qxd4 Kg8 25. Qc3 Rac8 26. Qg3 Qh5 27. Nxb7 Ng4 28. Nd6 Rxc1 29. Rxc1 Rd8 30. Ne4 Qh6 31. Re1 f5 32. Nc5 Qg7 33. Ne6 Qe7 34. Qb3 Re8 35. h3 Kh8 36. hxg4 fxg4 37. Re3 Qh4 38. Qc3+ Kg8 39. Qg7# 1-0

[Event "Early-Titled-Tuesday-Blitz-October-10-2023"]
[Site "Chess.com"]
[Date "2023.10.10"]
[Round "6"]
[White "Likvidator228"]
[Black "Hasangatin_Ramil"]
[Result "0-1"]
[WhiteElo "2572"]
[BlackElo "2727"]
[TimeControl "180+1"]
[EndTime "9:05:08 PDT"]
[Termination "Hasangatin_Ramil won on time"]

1. d4 d6 2. e4 Nf6 3. Nc3 e5 4. Nf3 Nbd7 5. Bc4 Be7 6. O-O O-O 7. a4 c6 8. a5 Rb8 9. Re1 b5 10. axb6 axb6 11. dxe5 Nxe5 12. Nxe5 dxe5 13. Bg5 b5 14. Bb3 Nd7 15. Bxe7 Qxe7 16. Ra7 Bb7 17. h3 Nc5 18. Qf3 Qc7 19. Raa1 Rbd8 20. Qe3 Qe7 21. Ne2 Rd7 22. Red1 Rfd8 23. Rxd7 Rxd7 24. Ng3 g6 25. Qc3 Qd6 26. Qb4 Kg7 27. Nf1 Qd4 28. Qxd4 exd4 29. Nd2 d3 30. c3 Rc7 31. Bd1 Bc8 32. b4 Ne6 33. f3 Nf4 34.
Kf2 c5 35. bxc5 Rxc5 36. Ra3 Be6 37. h4 b4 38. cxb4 Rc1 39. Ba4 Rc2 40. Ke3 Nxg2+ 41. Kxd3 Ne1+ 42. Ke3 Rb2 43. h5 Rxb4 44. hxg6 fxg6 45.
Ra1 Ng2+ 46. Kf2 Nf4 47. Ke3 g5 48. Bc6 Rb2 49. Ra7+ Kf6 50. Ra6 Ke5 0-1

[Event "Early-Titled-Tuesday-Blitz-October-10-2023"]
[Site "Chess.com"]
[Date "2023.10.10"]
[Round "6"]
[White "Oleksandr_Bortnyk"]
[Black "Alex_Sahakyan2006"]
[Result "1-0"]
[WhiteElo "3056"]
[BlackElo "2718"]
[TimeControl "180+1"]
[EndTime "9:05:09 PDT"]
[Termination "Oleksandr_Bortnyk won by checkmate"]

1. e4 c5 2. c3 d5 3. exd5 Qxd5 4. d4 Nf6 5. Be3 Nc6 6. Nf3 Bg4 7. dxc5 Qxd1+ 8.
Kxd1 Nd5 9. Bb5 Nxe3+ 10. fxe3 O-O-O+ 11. Kc2 f6 12. Bxc6 bxc6 13. Nbd2 e5 14. b4 h5 15. h3 Bf5+ 16. e4 Be6 17. Nh4 Kb7 18. a4 Rg8 19. Ng6 Bf7 20. Nxf8 Rgxf8 21. Rad1 Bg6 22. Rhe1 f5 23. exf5 Rxf5 24. Kc1 Rg5 25. Nf3 Rxd1+ 26. Rxd1 Rxg2 27. Rd7+ Kc8 28. Rxg7 Rc2+ 29.
Kd1 Be4 30. Nxe5 Rxc3 31. Nf7 Bd5 32. Nd6+ Kd8 33. h4 Rh3 34. b5 Bb3+ 35. Kd2 Bxa4 36. b6 axb6 37. cxb6 Rb3 38. b7 c5 39. Nc4 Bd7 40.
Na5 Rb5 41. Kc3 Kc7 42. Kc4 Rxa5 43. Rxd7+ Kb8 44. Rh7 Ra4+ 45. Kb5 Rxh4 46. Kc6 Rb4 47. Rh8+ Ka7 48. Ra8# 1-0

[Event "Early-Titled-Tuesday-Blitz-October-10-2023"]
[Site "Chess.com"]
[Date "2023.10.10"]
[Round "6"]
[White "RCone"]
[Black "invisible_s0ul"]
[Result "1-0"]
[WhiteElo "2486"]
[BlackElo "2301"]
[TimeControl "180+1"]
[EndTime "9:05:09 PDT"]
[Termination "RCone won by resignation"]

1. e4 c5 2. Nc3 Nc6 3. Bb5 Nd4 4. Nf3 Nxb5 5. Nxb5 a6 6. Nc3 b5 7. d4 cxd4 8. Qxd4 Bb7 9. a4 Bc6 10. O-O d6 11. Bg5 Nf6 12. Bxf6 gxf6 13. axb5 axb5 14. Nd5 Bg7 15. Rxa8 Bxa8 16. Qa7 Bxd5 17. exd5 O-O 18. Re1 Qa8 19. Qxe7 Qxd5 20. h3 Rc8 21. c3 h6 22. Qe4 Qxe4 23. Rxe4 Ra8 24. Rb4 Ra5 25.
Nd4 d5 26. Rxb5 Rxb5 27. Nxb5 f5 28. Kf1 Kf8 29. Nd4 f4 30. Ke2 Ke8 31. Kf3 Be5 32.
Kg4 Kd7 33. Kf5 Bc7 34. Kf6 Ke8 35. Kg7 h5 36. Kh6 h4 37. Kg5 Ke7 38. Kxh4 Kf6 39. Kg4 Ke5 40. Nf3+ Kf6 41. h4 Kg6 42. h5+ Kh6 43. Nd4 Be5 44. Nf5+ Kh7 45. f3 Bc7 46. Ne7 Bd6 47. Nxd5 Kh6 48. Nxf4 1-0

[Event "Early-Titled-Tuesday-Blitz-October-10-2023"]
[Site "Chess.com"]
[Date "2023.10.10"]
[Round "6"]
[White "Virgo15"]
[Black "Djager97"]
[Result "0-1"]
[WhiteElo "2723"]
[BlackElo "2590"]
[TimeControl "180+1"]
[EndTime "9:05:10 PDT"]
[Termination "Djager97 won by resignation"]

1. d4 d5 2. c4 e6 3. Nf3 c6 4. g3 Nf6 5. Bg2 Be7 6. O-O O-O 7.
Nc3 b6 8. Nd2 Ba6 9. b3 Nbd7 10.
e4 c5 11. e5 Ne8 12. cxd5 Bxf1 13. Nxf1 exd5 14. Nxd5 Rc8 15. Ba3 Nc7 16. Nxe7+ Qxe7 17. f4 Nb5 18. Bb2 Nxd4 19. Bxd4 cxd4 20. Nd2 Nc5 21.
Nc4 Rcd8 22. Nd6 f6 23. Qxd4 fxe5 24. fxe5 Kh8 25. Qd5 Nd7 26. Nc4 Rde8 27. Re1 Qc5+ 28. Qxc5 Nxc5 29. Bd5 Re7 30. Re3 g6 31. a4 Kg7 32.
Kg2 Nd7 33. Bc6 Rf5 34. g4 Rg5 35. Bxd7 Rxd7 36. Kg3 h5 37. h3 hxg4 38. hxg4 Rd4 39. e6 Rgxg4+ 40. Kf3 Rgf4+ 41. Kg3 Rfe4 42. Kf3 Rxe3+ 43.
Kxe3 Rd1 44. Ne5 Kf6 45. e7 Kxe7 46. Nxg6+ Kd6 47. Nf4 Rb1 48. Kd4 Rxb3 49. Kc4 Rf3 50. Nd3 Rxd3 51. Kxd3 Kc5 52. Kc3 a5 53. Kb3 Kd4 54.
Ka3 Kc3 55. Ka2 Kb4 56. Kb2 Kxa4 57. Ka2 b5 58. Kb2 b4 59. Ka2 b3+ 60. Kb1 Ka3 61. Ka1 b2+ 62. Kb1 a4 0-1

[Event "Early-Titled-Tuesday-Blitz-October-10-2023"]
[Site "Chess.com"]
[Date "2023.10.10"]
[Round "6"]
[White "chenrip"]
[Black "InitiatingASC"]
[Result "1/2-1/2"]
[WhiteElo "2489"]
[BlackElo "2344"]
[TimeControl "180+1"]
[EndTime "9:05:12 PDT"]
[Termination "Game drawn - insufficient material"]

1. e4 c5 2. Nf3 Nc6 3. Bb5 Nf6 4. d3 g6 5. a4 Bg7 6. O-O O-O 7. Be3 d6 8. Qc1 Bg4 9. Bxc6 Bxf3 10. Bxb7 Bxg2 11. Kxg2 Qd7 12. f4 Qxb7 13. Nc3 Ng4 14. Bd2 f5 15. Nd5 fxe4 16. dxe4 e6 17. h3 exd5 18. hxg4 dxe4 19. Be3 Qxb2 20. Qd2 Qf6 21. Qd5+ Kh8 22. Rh1 Qf7 23. Qxe4 Bxa1 24. Rxa1 Rae8 25. Qf3 Qf6 26. Re1 Qc3 27. Re2 Qc4 28. Rd2 Qe4 29. Qxe4 Rxe4 30. Kf3 Rfe8 31. Bf2 R8e6 32. f5 gxf5 33. gxf5 Re7 34.
Rxd6 Rxa4 35. Bxc5 Rc7 36. Bd4+ Kg8 37. c3 Kf7 38.
Rf6+ Ke7 39. Rh6 Ke8 40. Ke4 Rxc3 41. Rxh7 Rcc4 42. Rh8+ Kf7 43. Rh7+ Ke8 44. Rh8+ Ke7 45. f6+ Ke6 46. Re8+ Kd6 47. Rd8+ Kc7 48. Rd5 Ra6 49. Ke5 Rc1 50. Rc5+ Rxc5+ 51. Bxc5 Rxf6 52. Kxf6 Kc6 53. Be7 a5 54. Ke5 Kb5 55. Kd4 Ka4 56. Kc3 Kb5 57.
Kb3 a4+ 58. Ka3 Kc6 59. Kxa4 1/2-1/2

[Event "Early-Titled-Tuesday-Blitz-October-10-2023"]
[Site "Chess.com"]
[Date "2023.10.10"]
[Round "6"]
[White "attack2mateU"]
[Black "FGHSMN"]
[Result "1-0"]
[WhiteElo "2747"]
[BlackElo "2853"]
[TimeControl "180+1"]
[EndTime "9:05:13 PDT"]
[Termination "attack2mateU won by resignation"]

1. e4 e5 2. Nf3 Nc6 3. Bc4 Nf6 4.
d3 h6 5. c3 d6 6. a4 g6 7. a5 a6 8. Qb3 Qe7 9. O-O Bg7 10. Re1 O-O 11. d4 Rb8 12. dxe5 dxe5 13. Qc2 Nh5 14. b4 Nf4 15. Be3 Rd8 16. Nbd2 g5 17. Nf1 g4 18. N3d2 h5 19. Ng3 h4 20.
Nf5 Qf6 21. g3 Nh3+ 22. Kg2 Bxf5 23. exf5 Ne7 24. Bd3 e4 25. Bxe4 Qxc3 26. Rac1 Qxb4 27. Qxc7 Rbc8 28. Qb6 Qxb6 29. axb6 Rxc1 30. Rxc1 Nd5 31. Bxd5 Rxd5 32. Rc7 Bd4 33. Nf1 Be5 34. Rxb7 Rb5 35. gxh4 a5 36. Ra7 Nf4+ 37. Bxf4 Bxf4 38. b7 Bb8 39.
Ra8 Rxb7 40. Rxa5 Kg7 41. Ra4 Kf6 42. Ne3 Ba7 43. Rxg4 Bxe3 44. fxe3 Kxf5 45. Rf4+ Kg6 46. Kf3 Rb2 47. Rg4+ Kh6 48. Rg2 Rb4 49. e4 Kh5 50. Kf4 Rb6 51. Kf5 Kxh4 52. e5 Rb1 53. Rf2 Kh5 54. Kf6 Rb7 55. Rf4 Rc7 56. Rd4 Rb7 57. Rd8 Kg4 58. Rf8 Kf4 59. Rxf7 Rb6+ 60. e6 1-0

[Event "Early-Titled-Tuesday-Blitz-October-10-2023"]
[Site "Chess.com"]
[Date "2023.10.10"]
[Round "6"]
[White "Dannyyi"]
[Black "DerKnipser"]
[Result "0-1"]
[WhiteElo "2177"]
[BlackElo "2464"]
[TimeControl "180+1"]
[EndTime "9:05:13 PDT"]
[Termination "DerKnipser won on time"]

1. e4 c5 2. Nf3 d6 3. d4 cxd4 4. Nxd4 Nf6 5. Nc3 g6 6. Be3 Bg7 7. f3 O-O 8. Qd2 Nc6 9. O-O-O Nxd4 10. Bxd4 Be6 11. Kb1 Qc7 12. h4 Rfc8 13. g4 Qa5 14. a3 Rab8 15. h5 b5 16. hxg6 hxg6 17. g5 Nh5 18. Bxg7 Kxg7 19. Qd4+ Kg8 20. Nd5 Bxd5 21. exd5 b4 22. Bd3 bxa3 23. b3 a2+ 24. Ka1 Rb4 25.
Qb2 Rc5 26. Rdg1 Rxd5 27. Rxh5 gxh5 28. g6 Rg5 29. gxf7+ Kxf7 30. Rh1 Rf4 31. Bc4+ d5 32. Bd3 d4 33. Bc4+ e6 34. b4 Qe5 35. Qxa2 d3+ 36. Kb1 dxc2+ 37. Qxc2 Qf5 38. Bd3 Rxb4+ 39. Kc1 Qc5 40.
Kd2 Qxc2+ 41. Kxc2 a5 42. Kc3 h4 43. Be4 Rc5+ 44.
Kd3 a4 45. Rxh4 Rb3+ 46. Kd4 Ra5 47. Rh7+ Kf6 48. Rh6+ Ke7 49. Kc4 Rb8 50. Rh7+ Kd6 51. Bc2 a3 52. Bb3 Rc5+ 53. Kd4 Rb4+ 0-1

[Event "Early-Titled-Tuesday-Blitz-October-10-2023"]
[Site "Chess.com"]
[Date "2023.10.10"]
[Round "6"]
[White "stasOR4ik"]
[Black "Alina_Gumerovna"]
[Result "0-1"]
[WhiteElo "2423"]
[BlackElo "2123"]
[TimeControl "180+1"]
[EndTime "9:05:13 PDT"]
[Termination "Alina_Gumerovna won on time"]

1. e4 e6 2. d4 d5 3. Nd2 c5 4.
c3 cxd4 5. cxd4 dxe4 6. Nxe4 Nc6 7. Nf3 Nf6 8. Bg5 Be7 9. Bxf6 Bxf6 10. Nxf6+ Qxf6 11. Bb5 O-O 12. O-O Rd8 13. Bxc6 bxc6 14. Rc1 Ba6 15.
Re1 Rac8 16. Qa4 Bd3 17. Ne5 Bb5 18. Qb4 Qf4 19. a4 Rxd4 20. Qxd4 Qxd4 21. axb5 c5 22. Nc6 Qd7 23. Red1 Qb7 24. Rxc5 Re8 25. b4 g6 26.
Ne5 Rc8 27. Rd7 Rxc5 28. bxc5 Qxb5 29. h3 Qxc5 30. Nxf7 Qc6 31. Nh6+ Kf8 32. Rxh7 Qc1+ 33. Kh2 Qf4+ 34. Kg1 a5 35. g3 Qc1+ 36. Kh2 a4 37. Ra7 a3 38. Ng4 Qb2 39. Ra8+ Ke7 40. Ra7+ Kd6 41.
Kg2 a2 42. Ne3 Kc5 43. Rc7+ Kb6 0-1

[Event "Early-Titled-Tuesday-Blitz-October-10-2023"]
[Site "Chess.com"]
[Date "2023.10.10"]
[Round "6"]
[White "kirillshevchenko"]
[Black "mishanick"]
[Result "0-1"]
[WhiteElo "2971"]
[BlackElo "3090"]
[TimeControl "180+1"]
[EndTime "9:05:14 PDT"]
[Termination "mishanick won on time"]

1. c4 e6 2. g3 d5 3. Bg2 Nf6 4. Nf3 Be7 5. O-O O-O 6. b3 d4 7. e3 c5 8. exd4 cxd4 9. Ne5 Qc7 10. Re1 Nfd7 11. Qe2 Nxe5 12. Qxe5 Qxe5 13. Rxe5 Nd7 14. Re4 Nc5 15. Rxd4 Bf6 16. Bb2 Nd3 17. Bc3 Bxd4 18. Bxd4 Rd8 19. Be3 Nb4 20. Nc3 Nc2 21. Rd1 Nxe3 22.
fxe3 Rb8 23. d4 b6 24. Kf2 Bb7 25. Bxb7 Rxb7 26. e4 a6 27. Ke3 Rc7 28. a4 Kf8 29. g4 Ke7 30. h4 h6 31. d5 f6 32. Kd4 e5+ 33. Kd3 Kd6 34. Rb1 h5 35. Rg1 hxg4 36. Rxg4 Kc5 37. Na2 a5 38. Kc3 Rh8 39.
Nc1 Rh6 40. Nd3+ Kd6 41. Nf2 g6 42. Nd3 f5 43. Rg5 Rf7 44. b4 axb4+ 45. Kxb4 Rf6 46. a5 bxa5+ 47. Kxa5 fxe4 48. Nxe5 Rf5 49. Rxf5 gxf5 50.
Nf7+ Kc5 51. d6 Rxd6 52. Nxd6 e3 53. Nb7+ Kd4 0-1